 Dungeon Crawl Stone Soup version 0.30.0-3-ga4e48a9924 (webtiles) character file.

Game seed: 17158313854456493996

180 jtron the Magician (level 5, -2/37 HPs)
             Began as a Gnoll Wanderer on May 7, 2023.
             Slain by Sigmund
             ... wielding a +2 heavy scythe
              (15 damage)
             ... on level 3 of the Dungeon.
             The game lasted 00:10:38 (2636 turns).

jtron the Magician (Gnoll Wanderer)                 Turns: 2636, Time: 00:10:38

Health: -2/37      AC:  4    Str: 10    XL:     5   Next: 60%
Magic:  12/14      EV: 12    Int: 15    God:
Gold:   155        SH:  0    Dex: 11    Spells: 6/18 levels left

rFire   . . .        a - +3 dagger (protect)
rCold   . . .        (no shield)
rNeg    . . .        c - +0 robe
rPois   .            (no helmet)
rElec   .            (no cloak)
rCorr   .            (no gloves)
SInv    .            g - +1 pair of boots
Will    .....        (no amulet)
Stlth   +            (no ring)
HPRegen 0.26/turn    (no ring)
MPRegen 0.14/turn

%: no passive effects
@: confused
A: fangs 1, strong nose, distributed training
a: no special abilities


You were on level 3 of the Dungeon.
You visited 1 branch of the dungeon, and saw 3 of its levels.

You collected 155 gold pieces.

Inventory:

Hand Weapons
 a - a +3 dagger of protection (weapon)
Missiles
 e - 35 stones (quivered)
 k - 3 javelins
Armour
 c - a +0 robe (worn)
 g - a +1 pair of boots (worn)
Magical Staves
 l - a staff of cold
Wands
 d - a wand of polymorph (4)
Scrolls
 b - a scroll of noise {unknown}
 f - a scroll of fog {unknown}
 h - a scroll of immolation
 i - 2 scrolls of teleportation
 j - a scroll of identify
 n - a scroll of enchant weapon {unknown}
Potions
 m - a potion of might


   Skills:
 + Level 1.6 Fighting
 + Level 1.6 Short Blades
 + Level 1.6 Long Blades
 + Level 1.6 Axes
 + Level 1.6 Maces & Flails
 + Level 1.6 Polearms
 + Level 1.6 Staves
 + Level 1.6 Ranged Weapons
 + Level 1.6 Throwing
 + Level 1.6 Armour
 + Level 1.6 Dodging
 + Level 2.8 Stealth
 + Level 1.6 Shields
 + Level 1.6 Unarmed Combat
 + Level 7.3 Spellcasting
 + Level 1.3 Conjurations
 + Level 1.3 Hexes
 + Level 1.3 Summonings
 + Level 5.6 Necromancy
 + Level 1.3 Translocations
 + Level 1.3 Transmutations
 + Level 1.3 Fire Magic
 + Level 1.3 Ice Magic
 + Level 1.3 Air Magic
 + Level 1.3 Earth Magic
 + Level 1.3 Poison Magic
 + Level 1.8 Invocations
 + Level 6.7 Evocations


You had 6 spell levels left.
You knew the following spells:

 Your Spells              Type           Power      Damage    Failure   Level
a - Necrotise             Necr           88%        1d8       1%          1
b - Freeze                Ice            36%        1d5       8%          1
c - Cigotuvi's Dreadful   Necr/Pois/Air  26%        N/A       6%          2
d - Ozocubu's Armour      Ice            9%         N/A       22%         3
e - Dispel Undead         Necr           22%        3d12      13%         4
f - Kiss of Death         Conj/Necr      60%        2d10      3%          1

Your spell library contained the following spells:

 Spells                   Type           Power      Damage    Failure   Level
 Confusing Touch          Hex            9%         N/A       22%         3


Dungeon Overview and Level Annotations

Branches:
Dungeon (3/15)

Altars:
Wu Jian

Annotations:
D:2 1 runed translucent door, Crazy Yiuf
D:3 Sigmund


Innate Abilities, Weirdness & Mutations

You have very sharp teeth.
Your uncanny sense of smell can sniff out nearby items.
Your experience applies equally to all skills.


Message History

You throw a stone.
Casting: Necrotise (safe; 1% risk of failure)
Confirm with . or Enter, or press ? or * to list all spells.
Aiming: Necrotise (safe; 1% risk of failure)
Press: ? - help, Shift-Dir - straight line, f - ball python
Aim: a ball python (moderately wounded, chance to affect: 91%)
The ball python writhes in agony.
You kill the ball python!
The dead are slithering!
Something hits your ball python skeleton!
Your ball python skeleton is destroyed!
Casting: Necrotise (safe; 1% risk of failure)
Confirm with . or Enter, or press ? or * to list all spells.
You can't see any susceptible monsters within range! (Use Z to cast anyway.)
Casting: Necrotise (safe; 1% risk of failure)
Confirm with . or Enter, or press ? or * to list all spells.
Aiming: Necrotise (safe; 1% risk of failure)
Press: ? - help, Shift-Dir - straight line Nothing appears to happen.
Something hits you!
You miss something. Your punch misses something. Something hits you.
A magic dart appears from out of thin air!
The magic dart hits you.
Casting: Necrotise (safe; 1% risk of failure)
Confirm with . or Enter, or press ? or * to list all spells.
You can't see any susceptible monsters within range! (Use Z to cast anyway.) Unknown command.
Casting: Necrotise (safe; 1% risk of failure)
Confirm with . or Enter, or press ? or * to list all spells.
Aiming: Necrotise (safe; 1% risk of failure)
Press: ? - help, Shift-Dir - straight line Something writhes in agony.
You hear some strange, mumbled words.
You are confused.
Okay, then.
Something hits you!
You bump into the rock wall.
You bump into the rock wall.
Something hits you!
You die...

*,,,,,* **####....###...###
*,**,,********###..#.......####
*,**,,,,,,,,,,<......>........#
*,**,*********###..#.......##.#
###.*,,* #..###...####.# ....,,**
#..# #...# #.# ###.,,* #..# ##.##
#.# *,,,,,* #####>.####.### #)#
*.#*,∆* #.@...........# #.#
#.#*∆,* *****#{####.####.#.# #.#
#.#*,.# *,,,,#.# #.# #.#.# #.#
#.##..# *,**,#.# #.# #.#.# #.#
#.##..# *,**,#.# #.# #.#.###.#
#.##..# *,**,#)#**#.####....##.#
......###*,**,#...,............)#
.........,,**,#..#*######....####
...##.##*****.#..#,,,.....#.##


There were no monsters in sight!

Vanquished Creatures
  2 orc wizards
  3 adders (D:2)
  A gnoll (D:1)
  A worm (D:3)
  3 dart slugs
  4 orcs
  5 ball pythons
  4 endoplasms
  3 giant cockroaches
  2 goblins
  7 hobgoblins
  3 jackals (D:2)
  3 kobolds
  A quokka (D:1)
  4 bats
  3 rats
49 creatures vanquished.

Vanquished Creatures (collateral kills)
  An orc wizard (D:2)
  A dart slug (D:3)
  An endoplasm (D:3)
  A jackal (D:2)
  A kobold (D:1)
  A rat (D:2)
6 creatures vanquished.

Vanquished Creatures (others)
  A plant (D:2)
1 creature vanquished.

Grand Total: 56 creatures vanquished

Notes
Turn   | Place    | Note
-------+----------+-------------------------------------------
     0 | D:1      | jtron the Gnoll Wanderer began the quest for the Orb.
     0 | D:1      | jtron set off with the following items: a +0 dagger, a
                  | potion of curing, a +0 robe, a wand of polymorph (4); and
                  | the following spells available to memorise: Necrotise,
                  | Cigotuvi's Dreadful Rot, Freeze, Dispel Undead, Ozocubu's
                  | Armour.
     0 | D:1      | Reached XP level 1. HP: 13/13 MP: 8/8
     2 | D:1      | Learned a level 1 spell: Necrotise
     4 | D:1      | Learned a level 1 spell: Freeze
   498 | D:1      | Reached XP level 2. HP: 19/19 MP: 10/10
   920 | D:2      | Reached XP level 3. HP: 25/25 MP: 11/11
   984 | D:2      | Reached skill level 1 in Invocations
   986 | D:2      | Reached skill level 1 in Fighting
   986 | D:2      | Reached skill level 1 in Short Blades
   986 | D:2      | Reached skill level 1 in Long Blades
   986 | D:2      | Reached skill level 1 in Axes
   986 | D:2      | Reached skill level 1 in Maces & Flails
   986 | D:2      | Reached skill level 1 in Polearms
   986 | D:2      | Reached skill level 1 in Staves
   986 | D:2      | Reached skill level 1 in Ranged Weapons
   986 | D:2      | Reached skill level 1 in Throwing
   986 | D:2      | Reached skill level 1 in Armour
   986 | D:2      | Reached skill level 1 in Dodging
   986 | D:2      | Reached skill level 1 in Shields
   986 | D:2      | Reached skill level 1 in Unarmed Combat
   986 | D:2      | Reached XP level 4. HP: 28/32 MP: 5/13
  1012 | D:2      | Reached skill level 1 in Conjurations
  1012 | D:2      | Reached skill level 1 in Hexes
  1012 | D:2      | Reached skill level 1 in Summonings
  1012 | D:2      | Reached skill level 1 in Translocations
  1012 | D:2      | Reached skill level 1 in Transmutations
  1012 | D:2      | Reached skill level 1 in Fire Magic
  1012 | D:2      | Reached skill level 1 in Ice Magic
  1012 | D:2      | Reached skill level 1 in Air Magic
  1012 | D:2      | Reached skill level 1 in Earth Magic
  1012 | D:2      | Reached skill level 1 in Poison Magic
  1427 | D:2      | Learned a level 2 spell: Cigotuvi's Dreadful Rot
  1431 | D:2      | Learned a level 3 spell: Ozocubu's Armour
  1436 | D:2      | Learned a level 4 spell: Dispel Undead
  1459 | D:2      | Reached XP level 5. HP: 31/37 MP: 11/14
  1798 | D:2      | Found a runed translucent door.
  1799 | D:2      | Noticed Crazy Yiuf
  2270 | D:3      | Noticed Sigmund
  2336 | D:3      | Found an ornate altar of the Wu Jian Council.
  2615 | D:3      | Learned a level 1 spell: Kiss of Death
  2636 | D:3      | Slain by Sigmund

Illustrated notes

Levels and vault maps discovered:
D:1:      amcnicky_arrival_abandoned_market, layout_basic
D:2:      layout_loops_ring, minmay_misc_feat_square, kennysheep_boxes,
          uniq_crazy_yiuf_cottage
D:3:      layout_loops_ring, overflow_temple_1_default, uniq_sigmund

Skill      XL: |  1  2  3  4 |
---------------+-------------+-----
Invocations    | 1 |  1.8
Fighting       | 1 |  1.6
Short Blades   | 1 |  1.6
Long Blades    | 1 |  1.6
Axes           | 1 |  1.6
Maces & Flails | 1 |  1.6
Polearms       | 1 |  1.6
Staves         | 1 |  1.6
Ranged Weapons | 1 |  1.6
Throwing       | 1 |  1.6
Armour         | 1 |  1.6
Dodging        | 1 |  1.6
Shields        | 1 |  1.6
Unarmed Combat | 1 |  1.6
Conjurations   | 1 |  1.3
Hexes          | 1 |  1.3
Summonings     | 1 |  1.3
Translocations | 1 |  1.3
Transmutations | 1 |  1.3
Fire Magic     | 1 |  1.3
Ice Magic      | 1 |  1.3
Air Magic      | 1 |  1.3
Earth Magic    | 1 |  1.3
Poison Magic   | 1 |  1.3
Stealth        | |  2.8
Spellcasting   | |  7.3
Necromancy     | |  5.6
Evocations     | |  6.7

Action                     |  1- 3 |  4- 6 || total
---------------------------+-------+-------++-------
  Melee: War axe           |     7 |       ||     7
         Short sword       |     3 |       ||     3
         Dagger            |     5 |    39 ||    44
         Bite              |       |     3 ||     3
  Throw: Stone             |     1 |     6 ||     7
   Cast: Necrotise         |    20 |    54 ||    74
         Freeze            |     4 |     3 ||     7
    Use: Potion            |     1 |     1 ||     2
         Scroll            |       |     7 ||     7
   Stab: Sleeping          |     2 |     3 ||     5
 Armour: Robe              |     5 |    12 ||    17
  Dodge: Dodged            |    14 |    31 ||    45
